 Dungeon Crawl Stone Soup version 0.29.0-4-gdea44cf6ec (webtiles) character file.

Game seed: 9871488879802935618

0 qw the Sneak (level 1, -1/14 HPs)
             Began as a Ghoul Enchanter on Sept 5, 2022.
             Slain by a hobgoblin (2 damage)
             ... on level 1 of the Dungeon.
             The game lasted 00:00:02 (41 turns).

qw the Sneak (Ghoul Enchanter)                        Turns: 41, Time: 00:00:03

Health: -1/14      AC:  2    Str: 11    XL:     1   Next: 10%
Magic:  2/2        EV: 12    Int: 10    God:
Gold:   0          SH:  0    Dex:  9    Spells: 3/3 levels left

rFire   . . .      SeeInvis .   (no weapon)
rCold   + . .      Faith    .   (no shield)
rNeg    + + +      Spirit   .   b - +0 robe
rPois   inf        Reflect  .   (no helmet)
rElec   .          Harm     .   (no cloak)
rCorr   .          Rampage  .   (no gloves)
Will    .....                   (no boots)
Stlth   ++........              (no amulet)
HPRegen 0.00/turn               (no ring)
MPRegen 0.08/turn               (no ring)

@: inhibited regen
A: claws 1, cold resistance 1, negative energy resistance 3, inhibited
regeneration, torment resistance 2, devour on kill
a: no special abilities


You were on level 1 of the Dungeon.
You visited 1 branch of the dungeon, and saw 1 of its levels.


Innate Abilities, Weirdness & Mutations

You are immune to poison.
You have sharp fingernails.
Your flesh is cold resistant. (rC+)
You are immune to negative energy. (rN+++)
You do not regenerate when monsters are visible.
You are immune to unholy pain and torment.
You thrive by killing the living.


   Skills:
 - Level 0.8 Short Blades
 - Level 1.7 Dodging
 - Level 3.2 Stealth
 + Level 0.2 Unarmed Combat
 - Level 1.7 Spellcasting
 - Level 2.4 Hexes


You had 3 spell levels left.
You didn't know any spells.
Your spell library contained the following spells:

 Spells                   Type           Power      Damage    Failure   Level
 Ensorcelled Hibernation  Hex/Ice        6%         N/A       30%         2
 Confusing Touch          Hex            5%         N/A       34%         3
 Tukima's Dance           Hex            5%         N/A       34%         3
 Dazzling Flash           Conj/Hex       6%         N/A       52%         3

Inventory:

Armour
 b - a +0 robe (worn)
Potions
 a - a potion of degeneration {unknown}
 c - 2 potions of invisibility
 d - a potion of ambrosia {unknown}
 e - a potion of curing {unknown}

Dungeon Overview and Level Annotations

Branches:
Dungeon (1/15)

Altars:


Message History

0 ||| PLANNING D:1-11 You are now empty-clawed.
1 ||| DROPPING +1 dagger.
You drop a +1 dagger.
a - a viscous yellow potion
d - a smoky purple potion
There is a dry fountain here.
e - a brown potion
There is a dry fountain here.
You open the door.
A goblin comes into view. It is wielding a +0 club.
The goblin shouts!
You hear a shout!
The goblin moves out of view.
There is an open door here.
Found an iron ring.
You scratch the goblin.
The goblin is moderately wounded.
The goblin hits you with a +0 club.
You barely miss the goblin.
The goblin is moderately wounded.
The goblin hits you with a +0 club.
You scratch the goblin.
You kill the goblin!
You start resting.
A hobgoblin comes into view.
You scratch the hobgoblin but do no damage.
A kobold comes into view. It is wielding a +0 short sword.
The hobgoblin hits you.
You barely miss the hobgoblin. The hobgoblin closely misses you.
You barely miss the hobgoblin. The hobgoblin hits you.
You scratch the hobgoblin but do no damage.
A quokka comes into view.
The hobgoblin hits you.
You closely miss the hobgoblin. The hobgoblin closely misses you.
You barely miss the hobgoblin.
A quokka comes into view.
The hobgoblin hits you.
You die...

#......................
#...}..........<.......
#......................
##........}.........}..
##...}................
###..........}.......
##'##.......(.....#
#...###############
#....@.......
#..##g#####.. ##...K.#
##.....# =..r...#
#.......# ........#
###r....##


You could see 2 quokkas, a hobgoblin and a kobold.

Vanquished Creatures
  A goblin (D:1)
1 creature vanquished.

Notes
Turn   | Place    | Note
-------+----------+-------------------------------------------
     0 | D:1      | qw the Ghoul Enchanter began the quest for the Orb.
     0 | D:1      | Reached XP level 1. HP: 14/14 MP: 2/2
     0 | D:1      | 0 ||| qw: Version: 0.1-a-104-g96f76f8
     0 | D:1      | 0 ||| qw: Game counter: 6024
     0 | D:1      | 0 ||| qw: Always use a shield: true
     0 | D:1      | 0 ||| qw: God list: Okawaru
     0 | D:1      | 0 ||| qw: Allow faded altars: false
     0 | D:1      | 0 ||| qw: Do Orc after D:15 true
     0 | D:1      | 0 ||| qw: Do second Lair branch before Depths: true
     0 | D:1      | 0 ||| qw: Lair rune preference: random
     0 | D:1      | 0 ||| qw: Plans: Normal
     0 | D:1      | 0 ||| PLANNING D:1-11
     1 | D:1      | 1 ||| DROPPING +1 dagger.
    38 | D:1      | HP: 2/14 [hobgoblin (4)]
    41 | D:1      | Slain by a hobgoblin

Levels and vault maps discovered:
D:1:      dpeg_arrival_water_temple_mockup, layout_loops_ring,
          minmay_misc_feat_plants, minmay_misc_feat_tower,
          minmay_indecisive_spiral

Action                   || total
-------------------------++-------
Melee: Unarmed           ||     9
Dodge: Dodged            ||     2

Table legend:
 A = Non-vault XP
 B = Vault XP
 C = Vault XP percentage of total XP
 D = Non-vault monster count
 E = Vault monster count
 F = Vault count percentage of total count
                 A         B        C        D         E       F
            +---------+---------+-------+---------+---------+-------
      Total |       1 |       0 |   0.0 |       1 |       0 |   0.0
            +---------+---------+-------+---------+---------+-------
        D:1 |       1 |       0 |   0.0 |       1 |       0 |   0.0
            +---------+---------+-------+---------+---------+-------
